 Dungeon Crawl Stone Soup version 0.22-a0-93-g6b88ebb (webtiles) character file.

51 sankara the Sneak (level 3, 0/26 HPs)
             Began as a Draconian Enchanter on Jan 24, 2018.
             Slain by an adder (4 damage)
             ... on level 3 of the Dungeon.
             The game lasted 00:05:19 (1401 turns).

sankara the Sneak (Draconian Enchanter)             Turns: 1401, Time: 00:05:20

Health: 0/26       AC:  7    Str: 10    XL:     3   Next: 58%
Magic:  4/7        EV:  9    Int: 15    God:
Gold:   23         SH:  0    Dex: 12    Spells: 6/7 levels left

rFire    . . .     SeeInvis +   a - +1 dagger
rCold    . . .     Gourm    .   (no shield)
rNeg     . . .     Faith    .   (armour unavailable)
rPois    .         Spirit   .   (helmet restricted)
rElec    .         Reflect  .   (no cloak)
rCorr    .         Harm     .   f - +1 pair of gloves
MR       .....                  (no boots)
Stlth    ++........             (no amulet)
HPRegen  0.08/turn              g - ring of see invisible
MPRegen  0.10/turn              (no ring)

@: constricted
A: unfitting armour, cold-blooded, AC +5
a: no special abilities


You were on level 3 of the Dungeon.
You were near starving.

You visited 1 branch of the dungeon, and saw 4 of its levels.

You collected 23 gold pieces.

Inventory:

Hand Weapons
 a - a +1 dagger (weapon)
 b - a +0 hunting sling
Missiles
 h - 38 stones (quivered)
Armour
 f - a +1 pair of gloves (worn)
Jewellery
 g - a ring of see invisible (left hand)
Wands
 e - a wand of iceblast (9)
Scrolls
 d - 2 scrolls of identify
Potions
 i - a potion of haste {unknown}
 j - 2 potions of curing
Books
 k - a book of Maledictions

   Spells                             Type                      Level
   a - Corona                         Hexes                        1
   b - Ensorcelled Hibernation        Hexes/Ice                    2
   c - Confuse                        Hexes                        3
   d - Tukima's Dance                 Hexes                        3
   e - Dazzling Spray                 Conjuration/Hexes            3
Comestibles
 c - a ration


   Skills:
 - Level 1.0 Short Blades
 - Level 1.7 Dodging
 + Level 3.3 Stealth
 + Level 2.7 Spellcasting
 + Level 3.2 Hexes


You had 6 spell levels left.
You knew the following spells:

 Your Spells              Type           Power        Failure   Level  Hunger
a - Corona                Hex            ##.....      5%          1    #......


Dungeon Overview and Level Annotations

Branches:
Dungeon (4/15)
 Temple: D:4-7

Altars:

Annotations:
D:3 sankara's ghost, amateur DrCj


Innate Abilities, Weirdness & Mutations

Your plain brown scales are hard. (AC +5)
You cannot fit into any form of body armour.
You are cold-blooded and may be slowed by cold attacks.


Message History

Aim: an adder (chance to defeat MR: 55%)
The adder struggles to resist.
The adder misses you.
The ball python bites you but does no damage.
The ball python grabs you. The ball python constricts you.
Casting: Corona
Confirm with . or Enter, or press ? or * to list all spells.
Aiming: Corona
Press: ? - help, Shift-Dir - straight line, f/p - adder
Aim: an adder (chance to defeat MR: 55%)
The adder is outlined in light.
The adder barely misses you. The ball python closely misses you.
* * * LOW HITPOINT WARNING * * *
The ball python constricts you.
You hit the adder.
Your tail-slap misses the adder.
The adder is lightly wounded.
The adder bites you but does no damage.
The ball python bites you but does no damage.
* * * LOW HITPOINT WARNING * * *
The ball python constricts you. The adder bites you.
You die...

################
#........#.....#
#........#.....#
#........#.....#
#........#.....#
##'###'###...S.# #...#.#
#...@.######## #.....#
#...S.##.....#
#.[...###.....##.....##
#....>..+.....''..S...##
#.....###.....##.......#
##.....# ########........
#......###### #........
#...........# #........
#...........#####W.......


You could see an adder and a ball python.

Vanquished Creatures
  Ijyb (D:3)
  4 bats (D:1)
  A giant cockroach (D:1)
  8 goblins (D:1)
  3 hobgoblins (D:1)
  2 frilled lizards (D:1)
  3 kobolds
  2 rats (D:1)
24 creatures vanquished.

Vanquished Creatures (others)
  A quokka (D:3)
  5 toadstools (D:1)
6 creatures vanquished.

Grand Total: 30 creatures vanquished

Notes
Turn   | Place    | Note
-------+----------+-------------------------------------------
     0 | D:1      | sankara the Draconian Enchanter began the quest for the Orb.
     0 | D:1      | Reached XP level 1. HP: 14/14 MP: 3/3
   182 | D:1      | Reached XP level 2. HP: 9/20 MP: 5/5
  1082 | D:2      | You fall through a shaft for 2 floors!
  1118 | D:3      | Noticed Ijyb
  1178 | D:3      | Killed Ijyb
  1178 | D:3      | Reached XP level 3. HP: 12/26 MP: 7/7
  1363 | D:3      | Noticed sankara's ghost (amateur DrCj)
  1401 | D:3      | Slain by an adder

Vault maps used:
D:1:      ldierk_walled_garden
D:2:      uniq_sigmund, uniq_jessica
D:3:      uniq_ijyb
D:4:      first_ration

Skill      XL: |  1  2 |
---------------+-------+-----
Stealth        | 3 |  3.3
Hexes          | 3 |  3.2
Short Blades   | |  1.0
Dodging        | |  1.7
Spellcasting   | |  2.7

Action                   || total
-------------------------++-------
Melee: Dagger            ||    62
       Hunting sling     ||     1
       Tailslap          ||     4
 Fire: Hunting sling     ||   103
 Cast: Corona            ||     5
  Use: Scroll            ||     4
Armor: Skin              ||    48
Dodge: Dodged            ||    90

Table legend:
 A = Spawn XP
 B = Non-spawn XP
 C = Spawn XP percentage of total XP
 D = Spawn monster count
 E = Non-spawn monster count
 F = Spawn count percentage of total count
 G = Total turns spent on level
                    A         B        C        D         E        F      G
               +---------+---------+-------+---------+---------+-------+---------
         Total |       0 |      74 |   0.0 |       0 |      24 |   0.0 |  1401
               +---------+---------+-------+---------+---------+-------+---------
           D:1 |       0 |      36 |   0.0 |       0 |      22 |   0.0 |  1049
           D:3 |       0 |      38 |   0.0 |       0 |       2 |   0.0 |   295
               +---------+---------+-------+---------+---------+-------+---------
